[Event "Team 45 45 League T93"]
[Site "Internet Chess Club"]
[Date "2022.08.05"]
[Round "4"]
[White "ChessMaine"]
[Black "stantheman59"]
[Result "1-0"]
[WhiteElo "1436"]
[BlackElo "1152"]
[Opening "Dutch, 2.Bg5 variation"]
[ECO "A80"]
[Time "20:00:36"]
[PlyCount "45"]
[TimeControl "2700+45"]

1. d4 f5 2. Bg5 d5 3. e3 Nf6 4. Bxf6 exf6 5. c4 Bb4+ 6. Nd2 O-O 7. Rc1 Re8 8.
cxd5 Kh8 9. Nh3 Qxd5 10. Nf4 Qxd4 11. Be2 Bxd2+ 12. Qxd2 Qxd2+ 13. Kxd2 c6 14.
Rhd1 Be6 15. Nxe6 Rxe6 16. Ke1 g5 17. Rd8+ Kg7 18. Rcd1 Re7 19. Rc8 a5 20. Rdd8
Rd7 21. Rxd7+ Nxd7 22. Rxa8 b6 23. Ra7 {Black resigns} 1-0

[Event "Team 45 45 League T93"]
[Site "Internet Chess Club"]
[Date "2022.08.04"]
[Round "4"]
[White "VictorRed"]
[Black "elmaestro"]
[Result "0-1"]
[WhiteElo "1689"]
[BlackElo "1673"]
[Opening "Sicilian: Grand Prix attack"]
[ECO "B21"]
[Time "20:07:23"]
[PlyCount "126"]
[TimeControl "2700+45"]

1. e4 c5 2. f4 d6 3. Nf3 Nc6 4. Be2 Nf6 5. Nc3 g6 6. d3 Bg7 7. O-O O-O 8. h3 Nh5
9. Kh2 e6 10. Ng5 Nf6 11. Nf3 a6 12. Be3 b5 13. Qd2 b4 14. Nd1 Bd7 15. c4 bxc3
16. Nxc3 Rb8 17. e5 Nd5 18. Nxd5 exd5 19. d4 cxd4 20. Bxd4 Nxd4 21. Qxd4 Qa5 22.
Rfd1 Be6 23. a3 Rfc8 24. Rd2 h6 25. b4 Qa4 26. Bd1 Qb5 27. Bb3 a5 28. Bxd5 Bxd5
29. Qxd5 Qxd5 30. Rxd5 axb4 31. Rxd6 bxa3 32. Ra2 Rc4 33. Rd4 Rxd4 34. Nxd4 Rb4
35. Ne2 Rb2 36. Rxb2 axb2 37. Nc3 f6 38. exf6 Bxf6 39. Nb1 Kf7 40. Kg3 h5 41.
Kf3 Ke6 42. Ke4 h4 43. Na3 Be7 44. Nb1 Bb4 45. Kf3 Kf5 46. g4+ hxg3 47. Kxg3 Bd6
48. Kf3 Bxf4 49. h4 Be5 50. Na3 Bc3 51. Kg3 Be1+ 52. Kh3 Kf4 53. Nb1 Kf5 54. Na3
Kf6 55. Kg4 Bb4 56. Nb1 Kf7 57. h5 gxh5+ 58. Kxh5 Ke6 59. Kg4 Kd5 60. Kf3 Kc4
61. Ke2 Kb3 62. Kd3 Ka2 63. Kc2 Ka1 {White resigns} 0-1

[Event "Team 45 45 League T93"]
[Site "Internet Chess Club"]
[Date "2022.08.05"]
[Round "4"]
[White "burlap"]
[Black "kabindra"]
[Result "1-0"]
[WhiteElo "1489"]
[BlackElo "1721"]
[Opening "Queen's pawn, Mason variation, Steinitz counter-gambit"]
[ECO "D00"]
[Time "16:30:42"]
[PlyCount "63"]
[TimeControl "2700+45"]

1. d4 d5 2. Bf4 c5 3. c3 cxd4 4. cxd4 Nc6 5. e3 f6 6. Bd3 e5 7. Bg3 e4 8. Bc2 h5
9. h3 Bd7 10. Nc3 Be6 11. Nge2 g5 12. Bxe4 dxe4 13. d5 Nb4 14. dxe6 Nd3+ 15. Kf1
f5 16. Qa4+ Ke7 17. Nxe4 fxe4 18. Qxe4 Nc5 19. Qe5 Ke8 20. Qxh8 Nf6 21. Be5 Nce4
22. f3 Nd2+ 23. Ke1 Qa5 24. Bxf6 Nxf3+ 25. Kf2 Nh4 26. e7 Qf5+ 27. Nf4 Ng6 28.
exf8=Q+ Nxf8 29. Qxh5+ Kd7 30. Rad1+ Kc6 31. Qf3+ Kc7 32. Nd5+ {Black resigns}
1-0

[Event "Team 45 45 League T93"]
[Site "Internet Chess Club"]
[Date "2022.08.08"]
[Round "4"]
[White "jjmolina1"]
[Black "jcule"]
[Result "1/2-1/2"]
[WhiteElo "1419"]
[BlackElo "1346"]
[Opening "King's pawn game"]
[ECO "C50"]
[Time "12:00:17"]
[PlyCount "89"]
[TimeControl "2700+45"]

1. e4 e5 2. Nf3 Nc6 3. Bc4 h6 4. Nc3 Nf6 5. d3 Bc5 6. h3 a6 7. a3 d6 8. O-O O-O
9. b4 Ba7 10. Qe2 b5 11. Bb3 Qe7 12. Be3 Bxe3 13. Qxe3 Be6 14. Nd2 Bxb3 15. Nxb3
Rfd8 16. Rfe1 Qe6 17. d4 exd4 18. Nxd4 Nxd4 19. Qxd4 Qe5 20. Rad1 Qxd4 21. Rxd4
c5 22. bxc5 dxc5 23. Rxd8+ Rxd8 24. e5 Ne8 25. e6 Rd2 26. exf7+ Kxf7 27. Re5
Rxc2 28. Rxc5 a5 29. Ne4 Rxc5 30. Nxc5 Nc7 31. Kf1 b4 32. axb4 axb4 33. Ke2 Ke7
34. Kd3 Kd6 35. Kc4 Nd5 36. Nd3 Ke6 37. g3 g6 38. Nxb4 Nxb4 39. Kxb4 Ke5 40. Kc5
Ke4 41. Kd6 Kf3 42. Ke6 Kxf2 43. Kf6 Kxg3 44. Kxg6 Kxh3 45. Kxh6 {Game drawn
because neither player has mating material} 1/2-1/2

[Event "Team 45 45 League T93"]
[Site "Internet Chess Club"]
[Date "2022.08.03"]
[Round "4"]
[White "Fulmar"]
[Black "isolani"]
[Result "1-0"]
[WhiteElo "1218"]
[BlackElo "1225"]
[Opening "Scandinavian: Pytel-Wade variation"]
[ECO "B01"]
[Time "18:04:53"]
[PlyCount "51"]
[TimeControl "2700+45"]

1. e4 d5 2. exd5 Qxd5 3. Nc3 Qd6 4. Bc4 Nf6 5. h3 c6 6. a3 Bf5 7. d3 e5 8. Qf3
Bg6 9. Be3 Be7 10. O-O-O O-O 11. g4 b5 12. Ba2 b4 13. Ne4 Nxe4 14. dxe4 Qc7 15.
axb4 Bxb4 16. Bd2 Bxd2+ 17. Rxd2 Na6 18. Ne2 Nb4 19. Qa3 Nxa2+ 20. Qxa2 Bxe4 21.
Re1 Bd5 22. Qa3 Rfe8 23. Qc3 Rab8 24. Rxd5 Rxb2 25. Kxb2 Qb6+ 26. Qb3 {Black
resigns} 1-0

[Event "Team 45 45 League T93"]
[Site "Internet Chess Club"]
[Date "2022.08.08"]
[Round "4"]
[White "Portola"]
[Black "room-matt"]
[Result "0-1"]
[WhiteElo "1648"]
[BlackElo "1797"]
[Opening "Queen's pawn game"]
[ECO "A46"]
[Time "09:02:46"]
[PlyCount "172"]
[TimeControl "2700+45"]

1. d4 Nf6 2. Nf3 e6 3. c3 d5 4. Bg5 Bd6 5. Nbd2 h6 6. Bh4 Be7 7. e3 c5 8. Bd3 c4
9. Bc2 b6 10. O-O O-O 11. a4 Bb7 12. b3 cxb3 13. Bxb3 Nc6 14. Bxf6 Bxf6 15. Qc2
Na5 16. Rac1 Nxb3 17. Qxb3 Rc8 18. Rc2 Qe7 19. Rfc1 Ba6 20. c4 Bb7 21. cxd5 Bxd5
22. Qb2 Qd7 23. Qa1 Rxc2 24. Rxc2 Bc6 25. a5 Rb8 26. Qc1 Bxf3 27. gxf3 Bd8 28.
axb6 axb6 29. Kg2 b5 30. Ne4 Bb6 31. Qb2 Bc7 32. Qb4 Bd8 33. Nc5 Qd5 34. Ne4 Qd7
35. Nc5 Qd5 36. Ne4 Qd7 37. Qb3 Qe7 38. Rc6 Bc7 39. Qc2 Rb7 40. h3 b4 41. Qb3
Rb6 42. Rc4 Rb5 43. f4 Rb8 44. f3 Ba5 45. Nd2 Qh4 46. Ne4 Qe1 47. Rc2 Rd8 48.
Ra2 Rd5 49. Nf2 Bd8 50. Ra8 Kh7 51. Qd3+ g6 52. Ra7 Kg7 53. Nh1 Rh5 54. Nf2 Bh4
55. Nh1 Rd5 56. e4 Rd6 57. d5 exd5 58. Qd4+ Rf6 59. exd5 Qe2+ 60. Nf2 Bxf2 61.
Qxf2 Qxf2+ 62. Kxf2 Rxf4 63. Ke3 Rc4 64. Rb7 Kf6 65. Kd3 Rh4 66. d6 Rxh3 67.
Rxb4 Rxf3+ 68. Ke2 Ra3 69. Rd4 Ra2+ 70. Kf3 Ra8 71. Ke4 Ke6 72. Kf4 Rd8 73. Kg4
Ke5 74. Ra4 f5+ 75. Kg3 Rxd6 76. Ra5+ Kf6 77. Ra3 g5 78. Rb3 h5 79. Rc3 h4+ 80.
Kh3 Rd1 81. Re3 f4 82. Re8 Rg1 83. Rf8+ Ke5 84. Re8+ Kd4 85. Kh2 Rg3 86. Re1 f3
{White resigns} 0-1

[Event "Team 45 45 League T93"]
[Site "Internet Chess Club"]
[Date "2022.08.08"]
[Round "4"]
[White "Electryon"]
[Black "nosir"]
[Result "1/2-1/2"]
[WhiteElo "1420"]
[BlackElo "1349"]
[Opening "English opening"]
[ECO "A16"]
[Time "14:00:18"]
[PlyCount "94"]
[TimeControl "2700+45"]

1. c4 Nf6 2. Nc3 g6 3. g3 Bg7 4. Bg2 d6 5. e4 e5 6. Nge2 Nbd7 7. O-O O-O 8. d4
exd4 9. Nxd4 Nc5 10. Bg5 Ne6 11. Nxe6 Bxe6 12. c5 h6 13. Bxf6 Bxf6 14. cxd6 Bxc3
15. bxc3 Qxd6 16. Qxd6 cxd6 17. e5 dxe5 18. Bxb7 Rab8 19. Ba6 Rfd8 20. c4 Rd4
21. Rfe1 Bxc4 22. Bxc4 Rxc4 23. Rxe5 Rcb4 24. Ra5 R8b7 25. Rd1 R4b5 26. Ra3 a5
27. Rd8+ Kg7 28. Ra8 Rb2 29. R8xa5 Rd2 30. Rb3 Rxa2 31. Rxb7 Rxa5 32. Kg2 Ra2
33. Rb6 g5 34. g4 Ra3 35. f3 f6 36. Rb5 Ra4 37. Kg3 Ra3 38. Rf5 Kg6 39. h4 gxh4+
40. Kxh4 Ra1 41. Kg3 Ra3 42. Rb5 Kg7 43. Rd5 Rc3 44. Kf4 Kg6 45. Rd4 Rc5 46. Rd8
Rc4+ 47. Ke3 Rc3+ {Game drawn by mutual agreement} 1/2-1/2

[Event "Team 45 45 League T93"]
[Site "Internet Chess Club"]
[Date "2022.08.08"]
[Round "4"]
[White "g8wrb"]
[Black "clarinetref"]
[Result "1/2-1/2"]
[WhiteElo "1271"]
[BlackElo "1451"]
[Opening "French: Rubinstein variation"]
[ECO "C03"]
[Time "10:01:50"]
[PlyCount "66"]
[TimeControl "2700+45"]

1. e4 e6 2. d4 d5 3. Nd2 dxe4 4. Nxe4 Nd7 5. Nf3 Ngf6 6. Bd3 Nxe4 7. Bxe4 Be7 8.
O-O O-O 9. Bf4 Nf6 10. Bd3 Bd6 11. Qd2 Bxf4 12. Qxf4 Nd5 13. Qe4 f5 14. Qe5 Qd6
15. c3 Nf4 16. Bc4 Ng6 17. Qe3 Bd7 18. Rfe1 Rae8 19. Rad1 Kh8 20. Ne5 Nxe5 21.
dxe5 Qc6 22. Bb3 b6 23. f4 Bc8 24. Rd2 Bb7 25. Ree2 Rd8 26. Rxd8 Rxd8 27. Rd2
Rxd2 28. Qxd2 h6 29. Bd1 Qc5+ 30. Qd4 Qd5 31. Qxd5 Bxd5 32. a3 c5 33. b4 a5
{Game drawn by mutual agreement} 1/2-1/2

[Event "Team 45 45 League T93"]
[Site "Internet Chess Club"]
[Date "2022.08.07"]
[Round "4"]
[White "DaveTheRook"]
[Black "SeniorCitizen"]
[Result "1-0"]
[WhiteElo "1406"]
[BlackElo "1274"]
[Opening "Réti opening"]
[ECO "A04"]
[Time "14:00:43"]
[PlyCount "61"]
[TimeControl "2700+45"]

1. Nf3 e6 2. b3 d5 3. Bb2 Nf6 4. e3 Be7 5. Be2 O-O 6. O-O Nbd7 7. c4 c6 8. d3
Bd6 9. cxd5 Nxd5 10. Nc3 Be5 11. Nxe5 Nxe5 12. Nxd5 cxd5 13. Bxe5 Re8 14. Qd2
Bd7 15. Rac1 Bc6 16. Qb4 Re7 17. Qg4 f5 18. Qg3 Qd7 19. d4 Rc8 20. Rc5 b6 21.
Rc3 Bb7 22. Rfc1 Rxc3 23. Rxc3 Bc6 24. Ba6 Qe8 25. f3 Rf7 26. Qe1 Bb7 27. Bxb7
Rxb7 28. Qc1 Kf7 29. Rc7+ Rxc7 30. Qxc7+ Qe7 31. Qxe7+ {Black resigns} 1-0

[Event "Team 45 45 League T93"]
[Site "Internet Chess Club"]
[Date "2022.08.09"]
[Round "4"]
[White "primerpaso"]
[Black "Goli"]
[Result "1/2-1/2"]
[WhiteElo "1809"]
[BlackElo "1791"]
[Opening "English opening"]
[ECO "A16"]
[Time "15:00:52"]
[PlyCount "37"]
[TimeControl "2700+45"]

1. c4 Nf6 2. Nc3 g6 3. g3 Bg7 4. Bg2 d6 5. e4 e5 6. Nge2 Nc6 7. O-O O-O 8. d4
Nxd4 9. Nxd4 exd4 10. Qxd4 Ng4 11. Qd2 Ne5 12. b3 Qf6 13. Bb2 Nf3+ 14. Bxf3 Qxf3
15. Qd1 Bg4 16. Re1 Qxc3 17. Bxc3 Bxd1 18. Bxg7 Kxg7 19. Raxd1 {Game drawn by
mutual agreement} 1/2-1/2

[Event "Team 45 45 League T93"]
[Site "Internet Chess Club"]
[Date "2022.08.03"]
[Round "4"]
[White "kabindra"]
[Black "ChessMaine"]
[Result "1-0"]
[WhiteElo "1705"]
[BlackElo "1430"]
[Opening "French: advance, Milner-Barry gambit"]
[ECO "C02"]
[Time "18:00:35"]
[PlyCount "59"]
[TimeControl "2700+45"]

1. e4 e6 2. d4 d5 3. e5 c5 4. c3 Nc6 5. Nf3 Qb6 6. Bd3 Bd7 7. O-O cxd4 8. cxd4
Nxd4 9. Nbd2 Rc8 10. Nxd4 Qxd4 11. Nf3 Qb6 12. Ng5 g6 13. Qf3 Nh6 14. Qf6 Rg8
15. Nxh7 Be7 16. Bg5 Qd8 17. Qf4 Bxg5 18. Nxg5 Qe7 19. Nh7 Kd8 20. Qxh6 Rh8 21.
Qg7 Kc7 22. Qf6 Qe8 23. Ng5 Qf8 24. Nxf7 Qg8 25. Rfc1+ Kb8 26. Nxh8 Rf8 27. Qe7
Bc8 28. Nxg6 Re8 29. Qc7+ Ka8 30. Ne7 {Black forfeits on time} 1-0

[Event "Team 45 45 League T93"]
[Site "Internet Chess Club"]
[Date "2022.08.07"]
[Round "4"]
[White "blind-warrior"]
[Black "jjmolina1"]
[Result "1-0"]
[WhiteElo "1277"]
[BlackElo "1423"]
[Opening "Queen's pawn, Mason variation"]
[ECO "D00"]
[Time "12:00:19"]
[PlyCount "64"]
[TimeControl "2700+45"]

1. d4 d5 2. Bf4 c6 3. Nd2 g6 4. Ngf3 Bg7 5. e3 Nf6 6. h3 Nbd7 7. Ne5 O-O 8. Be2
Nxe5 9. dxe5 Nd7 10. Nf3 e6 11. O-O Qc7 12. Qd4 Qb6 13. b4 c5 14. bxc5 Qxc5 15.
c4 dxc4 16. Bxc4 a6 17. Rac1 Qa7 18. Bb3 b5 19. Qd6 Qb6 20. Rc6 Qb8 21. Rfc1 Re8
22. Qxb8 Rxb8 23. Rc7 Nb6 24. Ng5 Rf8 25. Ne4 Rb7 26. Nd6 Rxc7 27. Rxc7 Nd7 28.
Nxc8 Nxe5 29. Ne7+ Kh8 30. Bxe5 Bxe5 31. Ra7 Re8 32. Nc6 Bf6 {Black resigns} 1-0

[Event "Team 45 45 League T93"]
[Site "Internet Chess Club"]
[Date "2022.08.04"]
[Round "4"]
[White "Packerfan"]
[Black "cool64chess"]
[Result "1/2-1/2"]
[WhiteElo "1742"]
[BlackElo "1986"]
[Opening "French defense, Steiner variation"]
[ECO "A13"]
[Time "14:09:49"]
[PlyCount "40"]
[TimeControl "2700+45"]

1. c4 e6 2. e4 d5 3. cxd5 exd5 4. e5 c5 5. Nf3 Nc6 6. Bb5 Qb6 7. Nc3 d4 8. Nd5
Qd8 9. Nf4 g5 10. Nh5 Bg4 11. Ng3 Qd5 12. d3 h6 13. Bc4 Qd7 14. O-O O-O-O 15.
Re1 Re8 16. Bb5 a6 17. Bxc6 Qxc6 18. h3 Bd7 19. b4 g4 20. hxg4 Bxg4 {Game drawn
by mutual agreement} 1/2-1/2

[Event "Team 45 45 League T93"]
[Site "Internet Chess Club"]
[Date "2022.08.03"]
[Round "4"]
[White "fhunfi"]
[Black "vollmerj"]
[Result "1/2-1/2"]
[WhiteElo "1717"]
[BlackElo "1469"]
[Opening "Sicilian: dragon, classical, 9.Nb3"]
[ECO "B74"]
[Time "20:32:21"]
[PlyCount "89"]
[TimeControl "2700+45"]

1. e4 c5 2. Nf3 g6 3. d4 Bg7 4. Nc3 cxd4 5. Nxd4 Nc6 6. Nb3 Nf6 7. Be2 O-O 8.
Be3 d6 9. O-O Be6 10. f4 Na5 11. Nxa5 Qxa5 12. Bf3 Qb4 13. Rb1 Rfc8 14. a3 Qa5
15. Bd4 Nd7 16. Bxg7 Kxg7 17. Qd4+ Kg8 18. Rbd1 Qc5 19. Rf2 Qxd4 20. Rxd4 Rc4
21. Rfd2 Rac8 22. Rxc4 Rxc4 23. Be2 Rc8 24. Nb5 a6 25. Nd4 Bc4 26. Kf2 Bxe2 27.
Nxe2 Nc5 28. Ke3 Na4 29. c3 Nb6 30. b3 Kf8 31. Rd3 a5 32. a4 Rc5 33. c4 Rh5 34.
h3 Ke8 35. Nd4 Nd7 36. Nb5 Nc5 37. Rc3 Na6 38. Kf2 Nc5 39. Ke3 Na6 40. Rd3 Nc5
41. Rc3 Na6 42. Rd3 Nc5 43. Rc3 Na6 44. Rd3 Nc5 45. Rc3 {Game drawn by
repetition} 1/2-1/2

[Event "Team 45 45 League T93"]
[Site "Internet Chess Club"]
[Date "2022.08.08"]
[Round "4"]
[White "RD1974"]
[Black "hewdondada"]
[Result "0-1"]
[WhiteElo "1564"]
[BlackElo "1678"]
[Opening "Scandinavian (center counter) defense"]
[ECO "B01"]
[Time "18:02:22"]
[PlyCount "48"]
[TimeControl "2700+45"]

1. e4 d5 2. exd5 Qxd5 3. Nc3 Qa5 4. Bc4 Bf5 5. d3 c6 6. Bd2 e6 7. Nd5 Qd8 8. Ne3
Bg6 9. Nf3 Nd7 10. Bc3 Ngf6 11. Qe2 Bd6 12. O-O-O b5 13. Bb3 a5 14. Nd4 a4 15.
Bxe6 fxe6 16. Nef5 Bxf5 17. Nxf5 Bf4+ 18. Kb1 O-O 19. Qxe6+ Kh8 20. Qe4 Qc7 21.
g3 Bd6 22. Nd4 Nxe4 23. dxe4 Rae8 24. Nf5 Be5 {White resigns} 0-1

[Event "Team 45 45 League T93"]
[Site "Internet Chess Club"]
[Date "2022.08.08"]
[Round "4"]
[White "ChessG2011"]
[Black "tightfist"]
[Result "1-0"]
[WhiteElo "1473"]
[BlackElo "1411"]
[Opening "French: advance variation"]
[ECO "C02"]
[Time "13:01:37"]
[PlyCount "133"]
[TimeControl "2700+45"]

1. e4 e6 2. d4 d5 3. e5 c5 4. c3 b6 5. Nf3 Ba6 6. Be2 Bxe2 7. Qxe2 Ne7 8. O-O
Ng6 9. Be3 Be7 10. Nbd2 Nc6 11. Nb3 c4 12. Nc1 O-O 13. Qd1 Qc7 14. Ne2 b5 15.
Ng3 b4 16. Bd2 a5 17. Qc2 Rfb8 18. Rab1 b3 19. axb3 Rxb3 20. Be3 Qb7 21. Nd2 Rb6
22. Nf3 Rb8 23. Bc1 Ba3 24. bxa3 Rxb1 25. Nd2 Rb6 26. a4 h6 27. Ba3 Nf4 28. Ra1
Nd3 29. f3 Qd7 30. Kf1 Qb7 31. Kg1 Ne7 32. Kf1 Ng6 33. Ne2 Ngf4 34. g3 Nxe2 35.
Kxe2 Qd7 36. Kf1 Nb2 37. Ke2 Nxa4 38. Bd6 Rxd6 39. exd6 Nb2 40. Rb1 Qb5 41. d7
a4 42. Rxb2 Qxb2 43. d8=Q+ Rxd8 44. Qxb2 g6 45. Nb1 Kg7 46. Qa2 Rb8 47. Kd2 g5
48. Kc2 Ra8 49. Na3 Rb8 50. Kd2 f5 51. Nc2 Ra8 52. Nb4 Kf6 53. Kc2 Ra5 54. Nc6
Ra6 55. Ne5 Ra7 56. Qa3 Kg7 57. Kb2 Rb7+ 58. Ka2 Ra7 59. Qd6 Rb7 60. Qxe6 a3 61.
Qg6+ Kf8 62. Qxf5+ Kg7 63. Ng4 Rf7 64. Qe5+ Kg6 65. Qe6+ Kg7 66. Qxh6+ Kg8 67.
Nf6+ {Black resigns} 1-0

[Event "Team 45 45 League T93"]
[Site "Internet Chess Club"]
[Date "2022.08.05"]
[Round "4"]
[White "rkjulianjr"]
[Black "NATYNL09"]
[Result "1/2-1/2"]
[WhiteElo "1299"]
[BlackElo "1191"]
[Opening "QGA: 3.e4"]
[ECO "D20"]
[Time "11:08:50"]
[PlyCount "142"]
[TimeControl "2700+45"]

1. d4 d5 2. c4 dxc4 3. e4 e6 4. Bxc4 Nf6 5. Bg5 Bb4+ 6. Nc3 h6 7. Bxf6 Qxf6 8.
Nf3 O-O 9. O-O Nc6 10. a3 Be7 11. Nb5 Qf4 12. Re1 a6 13. Nc3 Bd6 14. e5 Be7 15.
Re4 Qf5 16. Bd3 Qg6 17. Rh4 f5 18. Rh3 Bd7 19. Ne2 Be8 20. Nf4 Qh7 21. Nxe6 Rf7
22. Nfg5 Bxg5 23. Nxg5 Qg6 24. Nxf7 Bxf7 25. Rg3 Qh7 26. Bc2 Rd8 27. Rd3 Bc4 28.
Rd2 Qg6 29. b3 Bd5 30. f4 Nxd4 31. g3 Nxc2 32. Rxd5 Rxd5 33. Qxd5+ Kh8 34. Rd1
Ne3 35. Qd8+ Kh7 36. Rd7 Qb6 37. Rd4 Ng4 38. Kg2 Qxb3 39. Qe7 Qb2+ 40. Kh3 Qxd4
41. Qf7 Qf2 42. Qxf5+ Kh8 43. Qxg4 Qf1+ 44. Kh4 c5 45. Qc8+ Kh7 46. Qxc5 b5 47.
e6 Qe2 48. Qf5+ Kh8 49. Qf8+ Kh7 50. Qf5+ Kh8 51. Qg4 Qxh2+ 52. Qh3 Qe2 53. f5
Qe4+ 54. Qg4 Qh1+ 55. Qh3 Qe4+ 56. g4 a5 57. Kh5 b4 58. axb4 Qf4 59. Qh4 axb4
60. Kg6 Qd4 61. e7 Qd6+ 62. f6 Qd3+ 63. Kf7 Qd5+ 64. Ke8 Qg8+ 65. Kd7 Qd5+ 66.
Ke8 Qg8+ 67. Kd7 Qd5+ 68. Kc7 Qc5+ 69. Kb7 Qb5+ 70. Kc7 Qc5+ 71. Kd7 Qd5+ {Game
drawn by repetition} 1/2-1/2

[Event "Team 45 45 League T93"]
[Site "Internet Chess Club"]
[Date "2022.08.05"]
[Round "4"]
[White "howah45"]
[Black "seldredg"]
[Result "1-0"]
[WhiteElo "1221"]
[BlackElo "1275"]
[Opening "Ruy Lopez: Schliemann defense, Berger variation"]
[ECO "C63"]
[Time "13:00:52"]
[PlyCount "47"]
[TimeControl "2700+45"]

1. e4 e5 2. Nf3 Nc6 3. Bb5 f5 4. Nc3 Bb4 5. exf5 Nf6 6. Qe2 Qe7 7. O-O Bxc3 8.
dxc3 e4 9. Re1 exf3 10. Qd1 Ne5 11. Bf4 Nfg4 12. gxf3 Nxf2 13. Kxf2 Qc5+ 14. Kg2
O-O 15. Rxe5 Qb6 16. Qd5+ Kh8 17. Rae1 h6 18. Re8 Qf6 19. Bxc7 Kh7 20. Rxf8 Qxf8
21. Bd6 Qf6 22. Re8 Qg5+ 23. Kf2 Qh4+ 24. Bg3 {Black resigns} 1-0

[Event "Team 45 45 League T93"]
[Site "Internet Chess Club"]
[Date "2022.08.06"]
[Round "4"]
[White "CMAlge"]
[Black "Alisson27"]
[Result "1-0"]
[WhiteElo "1235"]
[BlackElo "896"]
[Opening "Queen's pawn: Chigorin variation"]
[ECO "D00"]
[Time "16:16:50"]
[PlyCount "47"]
[TimeControl "2700+45"]

1. d4 d5 2. Nc3 Nf6 3. Bf4 Bf5 4. f3 e6 5. g4 Bg6 6. h4 h5 7. g5 Nfd7 8. e3 Nc6
9. Bd3 Bb4 10. Bxg6 fxg6 11. Qd3 e5 12. Qxg6+ Kf8 13. dxe5 Ncxe5 14. Qf5+ Kg8
15. Bxe5 Nxe5 16. Qxe5 Qd7 17. O-O-O c6 18. e4 Re8 19. Qd4 Qc7 20. Qxb4 c5 21.
Nxd5 Qc6 22. Qc4 Kh7 23. Nf6+ gxf6 24. Qf7# {Black checkmated} 1-0

[Event "Team 45 45 League T93"]
[Site "Internet Chess Club"]
[Date "2022.08.04"]
[Round "4"]
[White "BlueStorm"]
[Black "Denis240964"]
[Result "1-0"]
[WhiteElo "1385"]
[BlackElo "1411"]
[Opening "Levitsky attack (Queen's bishop attack)"]
[ECO "D00"]
[Time "10:00:19"]
[PlyCount "79"]
[TimeControl "2700+45"]

1. d4 d5 2. Bg5 Nc6 3. Nf3 Bf5 4. c3 Nf6 5. Bxf6 exf6 6. e3 Bd6 7. Bd3 Be6 8.
Nbd2 Qd7 9. Qc2 h6 10. a3 a6 11. c4 dxc4 12. Bxc4 Na5 13. Bxe6 fxe6 14. Rc1 f5
15. Ne5 Bxe5 16. dxe5 Nc6 17. f4 O-O-O 18. Rd1 Qd5 19. O-O Qd3 20. Qxd3 Rxd3 21.
Kf2 Rhd8 22. Ke2 Na5 23. b4 Nb3 24. Nxb3 Rxb3 25. Rxd8+ Kxd8 26. Ra1 Rb2+ 27.
Kf3 Rd2 28. h4 g5 29. hxg5 hxg5 30. fxg5 Ke8 31. Rh1 Rc2 32. g6 Kf8 33. Rh7 Kg8
34. g3 Rc6 35. Kf4 Rc4+ 36. Kg5 Rg4+ 37. Kf6 f4 38. Rxc7 Rxg6+ 39. Kxg6 Kf8 40.
exf4 {Black resigns} 1-0

[Event "Team 45 45 League T93"]
[Site "Internet Chess Club"]
[Date "2022.08.06"]
[Round "4"]
[White "PsyMar"]
[Black "DaveTheRook"]
[Result "0-1"]
[WhiteElo "1241"]
[BlackElo "1395"]
[Opening "Robatsch (modern) defense"]
[ECO "B06"]
[Time "15:08:19"]
[PlyCount "46"]
[TimeControl "2700+45"]

1. e4 g6 2. d4 d6 3. Be3 Bg7 4. Nc3 Nf6 5. Nf3 O-O 6. Qd2 c6 7. Bd3 Nbd7 8.
O-O-O e5 9. Ne2 Qc7 10. dxe5 dxe5 11. Rdg1 Ng4 12. Bg5 Nxf2 13. h4 Nxh1 14. Rxh1
Nf6 15. Bxf6 Bxf6 16. h5 Bg4 17. hxg6 fxg6 18. Bc4+ Kh8 19. Ng3 Qe7 20. Qh6 Qg7
21. Qe3 Bxf3 22. gxf3 Qe7 23. Qh6 Bg5+ {White resigns} 0-1

[Event "Team 45 45 League T93"]
[Site "Internet Chess Club"]
[Date "2022.08.08"]
[Round "4"]
[White "rhayder"]
[Black "stantheman59"]
[Result "1-0"]
[WhiteElo "1056"]
[BlackElo "1131"]
[Opening "Queen's pawn game, Chigorin variation"]
[ECO "D02"]
[Time "18:11:47"]
[PlyCount "137"]
[TimeControl "2700+45"]

1. d4 d5 2. Nf3 Nc6 3. Bf4 Nf6 4. h3 h5 5. Nc3 a6 6. Qd2 Bf5 7. O-O-O Ne4 8.
Nxe4 Bxe4 9. Ng5 Bg6 10. e3 f6 11. Ne6 Qc8 12. Nxc7+ Kf7 13. Nxa8 Qxa8 14. Bd3
Bxd3 15. Qxd3 Qc8 16. Qb3 e6 17. g4 g5 18. Bg3 h4 19. Bh2 Na5 20. Qb6 Nc4 21.
Qc7+ Qxc7 22. Bxc7 Bg7 23. b3 Na3 24. c4 Rc8 25. Bd6 dxc4 26. Bxa3 cxb3+ 27. Kb2
bxa2 28. Kxa2 Rc2+ 29. Kb1 Rxf2 30. Rc1 Rf3 31. Rce1 f5 32. gxf5 exf5 33. Bc1
Ke6 34. Reg1 Bh6 35. Rf1 Rg3 36. d5+ Ke5 37. d6 Kxd6 38. Rxf5 Ke6 39. Ra5 g4 40.
hxg4 Bxe3 41. Bxe3 Rxe3 42. Rxh4 Re5 43. Rxe5+ Kxe5 44. g5 Kf5 45. Rh5 Kg6 46.
Rh8 Kxg5 47. Rb8 b5 48. Rb6 Kf5 49. Rxa6 Ke5 50. Ra5 Kd5 51. Rxb5+ Kc4 52. Rb8
Kd5 53. Re8 Kd4 54. Kb2 Kc4 55. Kc2 Kd4 56. Kd2 Kd5 57. Kd3 Kd6 58. Kd4 Kd7 59.
Re5 Kd6 60. Re4 Kc6 61. Ke5 Kc5 62. Rd4 Kc6 63. Rd1 Kc5 64. Rc1+ Kb4 65. Kd4 Kb3
66. Rc8 Kb2 67. Kd3 Kb1 68. Kd2 Kb2 69. Rb8+ {Black resigns} 1-0

[Event "Team 45 45 League T93"]
[Site "Internet Chess Club"]
[Date "2022.08.04"]
[Round "4"]
[White "burlap"]
[Black "chesskix"]
[Result "1-0"]
[WhiteElo "1465"]
[BlackElo "1389"]
[Opening "Queen's pawn: London system"]
[ECO "A45"]
[Time "22:00:20"]
[PlyCount "63"]
[TimeControl "2700+45"]

1. d4 Nf6 2. Bf4 g6 3. e3 Bg7 4. Bd3 O-O 5. Nf3 d6 6. Nbd2 Nbd7 7. h3 c5 8. c3
b6 9. O-O Bb7 10. Re1 Rc8 11. Qa4 a5 12. e4 Nh5 13. Bh2 e5 14. dxe5 dxe5 15. Bb5
Rc7 16. Nc4 Nf4 17. Rad1 Qe7 18. Bxd7 Nd5 19. Nfxe5 Bxe5 20. Nxe5 Nf6 21. Nc4
Rxd7 22. Rxd7 Nxd7 23. Bd6 Qe6 24. Bxf8 Kxf8 25. Qd1 Bc6 26. b3 Kg7 27. f3 Bb5
28. Nd6 Bc6 29. Qd2 f6 30. Rd1 Nf8 31. Nc4 b5 32. Nxa5 {Black resigns} 1-0

[Event "Team 45 45 League T93"]
[Site "Internet Chess Club"]
[Date "2022.08.07"]
[Round "4"]
[White "OGO"]
[Black "kabindra"]
[Result "0-1"]
[WhiteElo "1252"]
[BlackElo "1678"]
[Opening "QGA: 3.e4"]
[ECO "D20"]
[Time "13:00:28"]
[PlyCount "32"]
[TimeControl "2700+45"]

1. d4 d5 2. c4 dxc4 3. e4 b5 4. Nc3 a6 5. Nf3 Bb7 6. Be2 Nf6 7. e5 Nd5 8. O-O e6
9. Bg5 Be7 10. Qd2 h6 11. Bxe7 Qxe7 12. Rac1 Nd7 13. b3 N7b6 14. bxc4 Nxc4 15.
Nxd5 Nxd2 16. Nxd2 Bxd5 {White resigns} 0-1

[Event "Team 45 45 League T93"]
[Site "Internet Chess Club"]
[Date "2022.08.07"]
[Round "4"]
[White "Toalla"]
[Black "bardu"]
[Result "1/2-1/2"]
[WhiteElo "1201"]
[BlackElo "1221"]
[Opening "Ruy Lopez: closed, Pilnik variation"]
[ECO "C70"]
[Time "19:21:04"]
[PlyCount "105"]
[TimeControl "2700+45"]

1. e4 e5 2. Nf3 Nc6 3. Bb5 a6 4. Ba4 b5 5. Bb3 Nf6 6. d3 d6 7. c3 Be7 8. O-O O-O
9. Re1 Bg4 10. h3 Bxf3 11. Qxf3 Na5 12. Bc2 c5 13. Nd2 Qb6 14. Nf1 Nc6 15. Ne3
Rad8 16. Nf5 c4 17. Be3 Qb7 18. Bg5 h6 19. Nxe7+ Qxe7 20. Bxf6 Qxf6 21. Qxf6
gxf6 22. f4 exf4 23. dxc4 bxc4 24. Rad1 Ne5 25. Rf1 Ng6 26. Rd5 Rfe8 27. g3 fxg3
28. Rxf6 Re6 29. Rf3 g2 30. Rg3 Kh7 31. Rxg2 Nf4 32. e5+ Kh8 33. Rxd6 Rdxd6 34.
exd6 Nxg2 35. Kxg2 Rxd6 36. Kg3 Kg7 37. Be4 Rd2 38. b3 Rxa2 39. bxc4 Rc2 40.
Bxc2 Kf6 41. Kf4 Ke6 42. Ke4 Kd6 43. Kd4 a5 44. Bb3 f5 45. c5+ Kc6 46. Be6 f4
47. Bg4 a4 48. Bf3+ Kb5 49. c4+ Kb4 50. c6 a3 51. c7 a2 52. c8=Q a1=Q+ 53. Ke4
{Game drawn by mutual agreement} 1/2-1/2